 Dungeon Crawl Stone Soup version 0.16-a0-421-gd787d97 (webtiles) character file.

47 Ratboiler the Chopper (level 3, -2/28 HPs)
             Began as a Vine Stalker Berserker on Sept 15, 2014.
             Was a Believer of Trog.
             Killed from afar by a kobold (7 damage)
             ... with a wand of frost
             ... on Level 2 of the Dungeon.
             The game lasted 00:02:12 (764 turns).

Ratboiler the Chopper (Vine Stalker Berserker)       Turns: 764, Time: 00:02:12

HP  -2/28        AC  4     Str 24      XL: 3   Next: 70%
MP   0/4         EV 11     Int  7      God: Trog [**....]
Gold 62          SH  3     Dex 14      Spells:  0 memorised,  2 levels left

rFire  . . .     SeeInvis .     a - +0 hand axe
rCold  . . .     Clarity  .     b - +0 animal skin
rNeg   . . .     rCorr    .     l - +0 buckler
rPois  .         rRot     +     (no helmet)
rElec  .         Spirit   +     (no cloak)
SustAb .         Warding  .     i - +1 pair of gloves
rMut   .         Stasis   .     (no boots)
Gourm  .                        (no amulet)
MR     .....                    (no ring)
                                (no ring)

@: berserking, very slightly contaminated, very quick, not resistant to hostile
enchantments, extremely unstealthy
A: fangs 2, regeneration 1, magic shield, antimagic bite, no device heal 3, rot
immunity
a: Burn Spellbooks, Berserk, Trog's Hand, Renounce Religion


You were on level 2 of the Dungeon.
You worshipped Trog.
Trog was pleased with you.
You were very hungry.

You visited 1 branch of the dungeon, and saw 2 of its levels.

You collected 62 gold pieces.

Inventory:

Hand weapons
 a - a +0 hand axe (weapon)
Armour
 b - a +0 animal skin (worn)
 i - a +1 pair of gloves (worn)
 l - a +0 buckler (worn)
Comestibles
 c - a bread ration
Scrolls
 g - a scroll of recharging {unknown}
 j - a scroll of magic mapping {unknown}
 k - a scroll of remove curse {unknown}
 m - a scroll of blinking {unknown}
Potions
 e - a potion of brilliance {unknown}
 f - a potion of restore abilities {unknown}
 h - a potion of heal wounds {unknown}


   Skills:
 + Level 2.9 Fighting
 * Level 3.2 Axes
 + Level 2.1 Armour
 + Level 2.0 Dodging


You had 2 spell levels left.
You didn't know any spells.

Dungeon Overview and Level Annotations

Branches:
Dungeon (2/15)

Altars:

Annotations:
D:2 Ijyb


Innate Abilities, Weirdness & Mutations

You have extremely sharp teeth.
Your natural rate of healing is unusually fast.
When hurt, damage is shared between your health and your magic reserves.
Your bite disrupts and absorbs the magic of your enemies.
Potions and wands cannot restore your health.
You are immune to rotting.


Message History

Unknown command.
You hit Ijyb.
Ijyb is moderately wounded.
You slash the worm!
You feel the power of Trog in you as your rage grows.
You kill the worm!
Trog accepts your kill.
Your Dodging skill increases to level 2!
The bat barely misses you.
The kobold throws a stone.
You block the stone.
You slash the bat!
You kill the bat!
Trog accepts your kill.
You hit Ijyb but do no damage.
Ijyb is moderately wounded.
Ijyb barely misses you.
Unknown command.
You hit Ijyb.
Ijyb is moderately wounded.
The kobold zaps a wand.
The puff of frost hits you!
You die...

.... ............ ...
.......... #.####.##..#
#..........##+#####
#.................#
#.....((..........#
#.......(.........#
#.........%.......###
....####.....@.........#
#............g##K##.....
........##..##.##.# ...
...... .....##.##.# ....
...........##.##K##.....#
##r..........##........#
.......#..##.##.##.##
.... #..##.##.##.# .##
#.............


You could see Ijyb and a kobold.

Vanquished Creatures
  An adder (D:2)
  A worm (D:2)
  A giant gecko (D:2)
  A giant cockroach (D:1)
  3 goblins (D:1)
  5 hobgoblins
  4 kobolds
  A quokka (D:2)
  A ball python (D:1)
  5 bats
  A giant newt (D:1)
  8 rats
32 creatures vanquished.

Notes
Turn   | Place    | Note
--------------------------------------------------------------
     0 | D:1      | Ratboiler, the Vine Stalker Berserker, began the quest for the Orb.
     0 | D:1      | Reached XP level 1. HP: 11/11 MP: 1/1
    76 | D:1      | Reached XP level 2. HP: 16/16 MP: 3/3
   276 | D:1      | Reached skill level 3 in Axes
   290 | D:1      | Acquired Trog's second power
   658 | D:2      | Reached XP level 3. HP: 19/19 MP: 4/4
   672 | D:2      | Noticed Ijyb
   764 | D:2      | Killed from afar by a kobold

Action                   || total
-------------------------++-------
Melee: Hand axe          ||    63
Invok: Berserk           ||     2
  Use: Potion            ||     1
